 Dungeon Crawl Stone Soup version 0.29-a0-994-gc5c9f59d18 (webtiles) character file.

Game seed: 3914983868418782478

418 RevDB the Trooper (level 6, 0/85 HPs)
             Began as a Draconian Transmuter on Aug 3, 2022.
             Was an Initiate of Sif Muna.
             Slain by siradein's ghost (3 damage)
             ... on level 4 of the Dungeon.
             The game lasted 00:20:25 (2670 turns).

RevDB the Trooper (Draconian Transmuter)            Turns: 2670, Time: 00:20:26

Health: 0/85       AC: 23    Str: 14    XL:     6   Next: 61%
Magic:  9/9        EV:  2    Int: 13    God:    Sif Muna [......]
Gold:   100        SH:  0    Dex: 12    Spells: 6/9 levels left

rFire   . . .      SeeInvis .   x - +9 spear of Doubt {drain, rPois}
rCold   . . .      Faith    .   (no shield)
rNeg    + . .      Spirit   .   (body armour unavailable)
rPois   +          Reflect  .   (helmet currently unavailable)
rElec   .          Harm     .   (cloak currently unavailable)
rCorr   .          Rampage  .   (gloves currently unavailable)
Will    .....      NoTele   +   (boots currently unavailable)
Stlth   +.........              m - amulet of the acrobat
HPRegen 0.00/turn               e - ring of positive energy
MPRegen 0.11/turn               (no ring)

@: tree-form, sick
A: stationary, stasis, torment immunity, boosted hp, AC +6, unfitting armour,
(cold-blooded)
a: Renounce Religion


You were on level 4 of the Dungeon.
You worshipped Sif Muna.
Sif Muna was noncommittal.
You were a tree.
You visited 2 branches of the dungeon, and saw 7 of its levels.

You collected 100 gold pieces.

Inventory:

Hand Weapons
 x - the +9 spear of Doubt (weapon) {drain, rPois}
   (You found it on level 3 of the Dungeon)

   A truly terrible weapon, it drains the life of any living foe it strikes.
   rPois:     It protects you from poison.
Armour
 b - a +0 cloak (melded)
 i - a +0 pair of gloves (melded)
 t - a +0 pair of boots (melded)
Jewellery
 e - a ring of positive energy (left branch)
 m - an amulet of the acrobat (around neck)
Scrolls
 d - 2 scrolls of blinking {unknown}
 h - 2 scrolls of enchant armour {unknown}
 j - 3 scrolls of magic mapping {unknown}
 k - a scroll of enchant weapon {unknown}
 l - 2 scrolls of fog {unknown}
 n - 2 scrolls of amnesia {unknown}
 o - a scroll of noise {unknown}
 r - 2 scrolls of vulnerability {unknown}
 s - 2 scrolls of identify {unknown}
 v - 3 scrolls of poison {unknown}
 w - a scroll of torment {unknown}
Potions
 c - 2 potions of mutation {unknown}
 g - 3 potions of curing {unknown}
 p - a potion of degeneration {unknown}
 q - a potion of invisibility {unknown}
 u - 2 potions of might {unknown}


   Skills:
 - Level 6.0 Fighting
 - Level 2.0 Dodging
 - Level 3.0 Unarmed Combat
 - Level 2.0 Spellcasting
 + Level 4.5 Transmutations


You had 6 spell levels left.
You knew the following spells:

 Your Spells              Type           Power      Damage    Failure   Level
a - Beastly Appendage     Tmut           26%        N/A       4%          1
b - Wereblood             Tmut           13%        N/A       6%          2

Your spell library contained the following spells:

 Spells                   Type           Power      Damage    Failure   Level
 Spider Form              Tmut/Pois      7%         N/A       30%         3
 Frozen Ramparts          Ice            2%         1d8       58%         3
 Ice Form                 Ice/Tmut       7%         N/A       69%         4
 Summon Ice Beast         Ice/Summ       1%         N/A       94%         4


Dungeon Overview and Level Annotations

Branches:
Dungeon (6/15)             Temple (1/1) D:4

Altars:
Ashenzari
Cheibriados
Dithmenos
Elyvilon
Gozag
Hepliaklqana
Kikubaaqudgha
Makhleb
Nemelex Xobeh
Okawaru
Qazlal
Ru
Sif Muna
Trog
Uskayaw
Wu Jian
Xom
Yredelemnul
Zin
The Shining One

Portals:
Abyss: D:4

Annotations:
D:4 siradein's ghost, amateur BaBe


Innate Abilities, Weirdness & Mutations

You are a tree.
Your roots penetrate the ground, keeping you stationary.
You cannot be teleported.
You are immune to unholy pain and torment.
Your maximum health is greatly increased.
Your equipment is partially melded.
((Your plain brown scales are hard. (AC +6)))
You cannot fit into any form of body armour.
((You are cold-blooded and may be slowed by cold attacks.))


Message History

Siradein's ghost hits you but does no damage.
You hit siradein's ghost but do no damage.
Your tail-slap misses siradein's ghost.
Siradein's ghost is lightly damaged.
Siradein's ghost hits you but does no damage.
You hit siradein's ghost but do no damage.
Your tail-slap misses siradein's ghost.
Siradein's ghost is lightly damaged.
Siradein's ghost closely misses you.
You hit siradein's ghost but do no damage.
Siradein's ghost is lightly damaged.
Siradein's ghost hits you.
* * * LOW HITPOINT WARNING * * *
Siradein's ghost hits you!
* * * LOW HITPOINT WARNING * * *
You turn into a tree.
Your +0 cloak melds into your body.
Your +0 pair of gloves melds into your body.
Your +0 pair of boots melds into your body.
Your roots penetrate the ground.
Siradein's ghost keens inconsolably.
Siradein's ghost hits you.
* * * LOW HITPOINT WARNING * * *
You hit siradein's ghost but do no damage.
Siradein's ghost is lightly damaged.
Siradein's ghost hits you but does no damage.
You hit siradein's ghost.
Siradein's ghost is lightly damaged.
Siradein's ghost hits you but does no damage.
You closely miss siradein's ghost.
Siradein's ghost is lightly damaged.
Siradein's ghost hits you.
* * * LOW HITPOINT WARNING * * *
You hit siradein's ghost.
Siradein's ghost is moderately damaged.
Siradein's ghost hits you.
* * * LOW HITPOINT WARNING * * *
You closely miss siradein's ghost.
Siradein's ghost is moderately damaged.
Siradein's ghost hits you.
You die...

##### #.#..##+###### # ...
#.#.....# #
######.######..#.##.## #
.....................# #
.....................# #
........##.(.........########
.......####....###...........
....####..##W.##.#........)..
...##...#.5#♣.#∩.#...........
## ..
#.#!#..##..##.##..........
[.. ##...##
...##..#.......... #.
#..#....##.. #...#####+# #..
##.§##.###.. #...#
#...##.##.###...###...##
#...#5.x.#...#^©#.....#
#...##?#####.^..##....# #..
##.#..K.....# ..#


You could see siradein's ghost and an ufetubus.

Vanquished Creatures
  Sigmund (D:3)
  2 scorpions (D:4)
  A jelly (D:4)
  2 adders
  A white imp (D:4)
  3 worms
  A dart slug (D:3)
  5 orcs
  4 ball pythons
  5 endoplasms (D:1)
  A giant cockroach (D:1)
  8 goblins
  7 hobgoblins
  11 jackals
  2 quokkas
  3 bats (D:3)
  2 frilled lizards (D:1)
  4 kobolds
  4 rats
67 creatures vanquished.

Vanquished Creatures (others)
  A plant (D:6)
1 creature vanquished.

Grand Total: 68 creatures vanquished

Notes
Turn   | Place    | Note
-------+----------+-------------------------------------------
     0 | D:1      | RevDB the Draconian Transmuter began the quest for the Orb.
     0 | D:1      | Reached XP level 1. HP: 16/16 MP: 3/3
    69 | D:1      | Reached skill level 2 in Fighting
    81 | D:1      | Reached XP level 2. HP: 17/25 MP: 5/5
   285 | D:1      | Reached skill level 3 in Fighting
   321 | D:1      | Found a faded altar of an unknown god.
   536 | D:2      | Learned a level 2 spell: Wereblood
   547 | D:2      | Reached XP level 3. HP: 31/31 MP: 1/6
  1236 | D:3      | Reached skill level 4 in Fighting
  1253 | D:3      | Found a sacrificial altar of Ru.
  1256 | D:3      | Found a shimmering blue altar of Sif Muna.
  1256 | D:3      | Found a snail-covered altar of Cheibriados.
  1459 | D:3      | You fall into a shaft and drop 3 floors!
  1497 | D:5      | Entered Level 5 of the Dungeon
  1583 | D:4      | Reached XP level 4. HP: 40/40 MP: 3/7
  1608 | D:4      | Found a one-way gate to the infinite horrors of the Abyss.
  1608 | D:4      | Noticed siradein's ghost (amateur BaBe)
  1651 | D:3      | Became a worshipper of Sif Muna the Loreminder
  1696 | D:4      | Noticed a scorpion
  1704 | D:4      | Killed a scorpion
  1705 | D:4      | Reached skill level 5 in Fighting
  1705 | D:4      | Reached XP level 5. HP: 43/48 MP: 6/8
  1871 | D:3      | Noticed Sigmund
  1994 | D:3      | Identified the +9 spear of Doubt {drain, rPois}
  2382 | D:3      | Killed Sigmund
  2383 | D:3      | Reached skill level 6 in Fighting
  2383 | D:3      | Reached XP level 6. HP: 57/57 MP: 7/9
  2417 | D:4      | Found a staircase to the Ecumenical Temple.
  2457 | Temple   | Entered the Ecumenical Temple
  2637 | D:4      | Found a transporter.
  2645 | D:4      | Found a transporter.
  2646 | D:4      | Noticed an ancient zyme
  2668 | D:4      | HP: 4/85 [siradein's ghost (3)]
  2670 | D:4      | Slain by siradein's ghost

Illustrated notes

Levels and vault maps discovered:
D:1:      wander_arrival_estate, layout_rooms, nicolae_ecumenical_lake_church,
          chequers_mini_garden
D:2:      layout_basic
D:3:      layout_rooms, nicolae_overflow_hidden_temple,
          chequers_serial_rivers_micro_a, minmay_puff, uniq_sigmund
D:4:      layout_basic, fedhas_altar_fruit_tree, temple_pool_b,
          gammafunk_ghost_abyssal_escape
D:5:      minmay_evil_eye, layout_basic, uniq_ijyb
D:6:      corexii_shantytown, layout_layer_cave, serial_shops, shop_coins,
          nicolae_shop_firing_range, uniq_blork_the_orc
Temple:   bh_familiar_temple

Skill      XL: |  1  2  3  4  5  6 |
---------------+-------------------+-----
Fighting       | 2 3 4 5 6 |  6.0
Dodging        | 2 |  2.0
Transmutations | 3 4 |  4.5
Unarmed Combat | |  3.0
Spellcasting   | |  2.0

Action                   |  1- 3 |  4- 6 || total
-------------------------+-------+-------++-------
Melee: Unarmed           |    12 |       ||    12
       Whip              |    15 |       ||    15
       Kick              |    10 |     7 ||    17
       Tailslap          |    10 |     6 ||    16
       Punch             |     1 |     1 ||     2
       Dagger            |    99 |    30 ||   129
       Headbutt          |     5 |     4 ||     9
       Spear             |       |    42 ||    42
 Cast: Beastly Appendage |    10 |     5 ||    15
       Wereblood         |     5 |     2 ||     7
  Use: Potion            |       |     1 ||     1
Armor: Skin              |    48 |    23 ||    71
Dodge: Dodged            |    67 |    55 ||   122

Table legend: (Time is in decaauts)
 A = Elapsed time spent in this place.
 B = Non-inter-level travel time spent in this place.
 C = Inter-level travel time spent in this place.
 D = Time resting spent in this place.
 E = Time spent auto-exploring this place.
 F = Levels seen in this place.
 G = Mean time per level.
                   A        B        C        D        E       F      G
               +--------+--------+--------+--------+--------+-----+--------+
         Total |   2677 |   2556 |    121 |      0 |    606 |   7 |  382.4 |
       Dungeon |   2521 |   2400 |    121 |      0 |    498 |   6 |  420.2 |
        Temple |    156 |    156 |      0 |      0 |    108 |   1 |  156.0 |
               +--------+--------+--------+--------+--------+-----+--------+

Top non-repeatable levels by time:
     D:3: 918 daAuts
     D:2: 639 daAuts
     D:1: 527 daAuts
     D:4: 340 daAuts
  Temple: 156 daAuts
     D:5: 57 daAuts
     D:6: 37 daAuts
